AoeStats
← photphet

Nomad

507436420Analyzed
4v4 RM · 15d ago on Sep 18, 2026· 38m 50s· 8 players
Game mode
Random Map
Map size
231×231
Population
200
Speed
Normal
Resources
Standard
Victory
Conquest
Starting age
Dark Age
Ending age
Imperial Age
RankedLock teamsTeams togetherTeam positionsShared explorationLock speedFull tech treeHidden civsTurbo modeCheats
Victory
Defeat
🇬🇧 Vikings · United Kingdom
900
+11
🇦🇹 Turks · Austria
894
+11
🇮🇹 Byzantines · Italy
871
+12
🇩🇪 Lithuanians · Germany
850
+14
🇨🇳 Huns · China
821
-12
🇯🇵 Malay · Japan
803
-13
🇨🇳 Gurjaras · China
780
-12
🇹🇭 Mongols · Thailand
753
-11
photphet
3:42 Loom
15:38 Feudal Age
15:27 Man-at-Arms
16:57 Town Watch
25:39 Castle Age
27:51 Wheelbarrow
29:27 Padded Archer Armor
29:39 Elite Skirmisher
30:40 Hand Cart
小菜机
15:01 Feudal Age
18:01 Stone Mining
18:08 Fishing Lines
22:16 Castle Age
29:04 Wheelbarrow
Misaka Mikoto
12:07 Feudal Age
12:50 Loom
12:54 Double-Bit Axe
12:52 Horse Collar
20:56 Castle Age
20:26 Scale Barding Armor
20:53 Forging
21:38 Gold Mining
21:39 Stone Mining
22:05 Husbandry
23:05 Town Watch
24:20 Loom
24:29 Fletching
25:47 Marauders
26:43 Wheelbarrow
29:22 Chain Barding Armor
32:15 Bow Saw
32:53 Gold Shaft Mining
32:37 Heavy Plow
36:29 Imperial Age
34:47 Bloodlines
35:12 Padded Archer Armor
35:07 Bodkin Arrow
36:11 Thumb Ring
Shirai Kuroko
18:19 Feudal Age
18:45 Horse Collar
18:52 Double-Bit Axe
24:44 Castle Age
22:31 Town Watch
23:26 Wheelbarrow
25:38 Bow Saw
25:30 Heavy Plow
25:58 Town Watch
28:40 Loom
32:48 Fishing Lines
34:27 Hand Cart
37:29 Imperial Age
kakao_
3:07 Loom
4:33 Loom
4:58 Loom
15:21 Feudal Age
18:19 Town Watch
22:17 Castle Age
20:48 Stone Mining
21:12 Gold Mining
21:15 Double-Bit Axe
23:46 Wheelbarrow
26:20 Gold Shaft Mining
28:47 Squires
29:49 Fletching
30:55 Arson
33:25 Bow Saw
35:34 Hand Cart
36:45 Bodkin Arrow
36:52 Scale Mail Armor
37:46 Forging
39:04 Padded Archer Armor
Spiderschwein
9:06 Loom
14:30 Feudal Age
15:08 Double-Bit Axe
15:41 Fishing Lines
20:53 Castle Age
19:59 Scale Barding Armor
20:07 Forging
22:04 Wheelbarrow
23:34 Bow Saw
26:19 Hand Cart
25:53 Town Watch
27:18 Husbandry
30:07 Gillnets
31:46 Ballistics
32:30 Town Patrol
33:58 Demolition Ship
35:30 Bloodlines
37:59 Horse Collar
38:58 Chain Barding Armor
gazza17
10:32 Loom
15:01 Feudal Age
15:41 Town Watch
16:30 Double-Bit Axe
17:26 Fishing Lines
20:24 Castle Age
18:57 Gold Mining
21:25 Fletching
21:36 Padded Archer Armor
21:59 Bow Saw
22:01 Crossbowman
25:07 Bodkin Arrow
25:28 Leather Archer Armor
25:57 Ballistics
26:28 Stone Mining
31:34 Gillnets
37:30 Imperial Age
34:54 Heated Shot
38:15 Arbalester
39:17 Bracer
39:47 Ring Archer Armor
alexgiaco98
3:04 Loom
17:24 Feudal Age
22:44 Castle Age
23:31 Double-Bit Axe
24:33 Bow Saw
24:07 Horse Collar
32:05 Stone Mining
36:00 Gold Mining
38:16 Stone Shaft Mining
Connection lost

Rejoining the realm…

Still unreachable

The connection could not be restored.

Session expired

The server has moved on; the page needs a fresh start.